 Dungeon Crawl Stone Soup version 0.27.0-1-g7a089689b8 (webtiles) character file.

Game seed: 307452687233821036

86 ZombieSheep the Chopper (level 4, -4/40 HPs)
             Began as a Hill Orc Fighter on Aug 1, 2021.
             Killed by nerve-wracking pain
             ... invoked by a shadow imp
             ... summoned by Natasha
              (10 damage)
             ... on level 2 of the Dungeon.
             The game lasted 00:02:20 (1988 turns).

ZombieSheep the Chopper (Hill Orc Fighter)          Turns: 1988, Time: 00:02:21

Health: -4/40      AC:  9    Str: 18    XL:     4   Next: 50%
Magic:  4/4        EV:  7    Int:  8    God:
Gold:   78         SH:  0    Dex: 11    Spells: 3/3 levels left

rFire    . . .     SeeInvis .   a - +0 war axe
rCold    . . .     Faith    .   (no shield)
rNeg     . . .     Spirit   .   e - +0 chain mail
rPois    .         Reflect  .   (no helmet)
rElec    .         Harm     .   (no cloak)
rCorr    .         Rampage  .   (no gloves)
Will     .....                  (no boots)
Stlth    ..........             (no amulet)
HPRegen  0.13/turn              (no ring)
MPRegen  0.09/turn              (no ring)

@: slowed, very slow
A: no striking features
a: no special abilities


You were on level 2 of the Dungeon.
You visited 1 branch of the dungeon, and saw 2 of its levels.

You collected 78 gold pieces.

Inventory:

Hand Weapons
 a - a +0 war axe (weapon)
Armour
 e - a +0 chain mail (worn)
Scrolls
 b - a scroll of noise {unknown}
 j - a scroll of blinking {unknown}
Potions
 c - a potion of curing
 d - a potion of might
 f - a potion of heal wounds {unknown}
 g - a potion of cancellation {unknown}
 h - a potion of mutation {unknown}
 i - a potion of invisibility {unknown}


   Skills:
 + Level 4.2 Fighting
 * Level 4.3 Axes
 + Level 3.8 Armour
 + Level 1.2 Dodging
 - Level 3.2 Shields


You had 3 spell levels left.
You didn't know any spells.
Your spell library contained the following spells:

 Spells                   Type           Power      Damage    Failure   Level
 Magic Dart               Conj           0%         1d3       99%         1
 Searing Ray              Conj           0%         3d3       100%        2
 Fulminant Prism          Conj/Hex       0%         3d6       100%        4


Dungeon Overview and Level Annotations

Branches:
Dungeon (2/15)

Altars:
Yredelemnul

Shops:
D:1 [

Annotations:
D:2 Natasha


Message History

You closely miss Natasha. Natasha closely misses you.
You slash Natasha!
Natasha is severely wounded.
Natasha barely misses you. Natasha claws you but does no damage.
You slash Natasha!
You kill Natasha!
Natasha screams in pain as she dies!
No target in view!
No target in view!
No target in view!
Natasha, Servant of Life and Death comes into view.
Natasha hisses angrily.
Natasha wildly gestures.
Natasha shimmers violently.
Natasha casts a spell.
The shadow imp gestures at you. Pain shoots through your body!
The shadow imp shouts, "Begone, thou craven dismal-dreaming nobody!"
Natasha claws you but does no damage.
The shadow imp hits you but does no damage.
You closely miss Natasha. You closely miss the shadow imp.
Natasha casts a spell at you. The magic dart hits you!
The shadow imp gestures at you. Pain shoots through your body!
* * * LOW HITPOINT WARNING * * *
Natasha claws you!
* * * LOW HITPOINT WARNING * * *
You barely miss Natasha. You hit the shadow imp.
The shadow imp hits you but does no damage.
Natasha claws you but does no damage.
You closely miss Natasha. You barely miss the shadow imp.
The shadow imp hits you but does no damage.
Natasha stares at you and mumbles some strange words.
You feel yourself slow down.
You barely miss Natasha.
You hit the shadow imp but do no damage.
The shadow imp gestures at you. Pain shoots through your body!
You die...

#..........# ##.( ###
#.........##### #..# #.#
##........>....# #...
####.####..............###>..
#......##........†.....#...#.
#......##................#.#.
####......##................#.#.
#.........#..........÷..._......
##.##......#.#..@.....#.......###
#..#####.....##h5....##.......#
#.## ##.#...#...#...##.#..#..#
#.# ###..#............#.#.#..####
#.# #...###.....................#
..# #.### #......................
### #.#####.............÷....##.#
# #.................##...#.#..# #
#..###..##...#....##..#.... #


You could see Natasha and a shadow imp (summoned).

Vanquished Creatures
  Natasha (twice) (D:2)
  2 worms
  3 endoplasms (D:1)
  A giant cockroach (D:1)
  2 goblins
  3 hobgoblins
  2 quokkas (D:1)
  A ball python (D:2)
  6 bats
  5 frilled lizards
  3 kobolds (D:1)
  3 rats
33 creatures vanquished.

Notes
Turn   | Place    | Note
-------+----------+-------------------------------------------
     0 | D:1      | ZombieSheep the Hill Orc Fighter began the quest for the
                  | Orb.
     0 | D:1      | Reached XP level 1. HP: 19/19 MP: 1/1
   286 | D:1      | Reached XP level 2. HP: 15/27 MP: 2/2
  1100 | D:1      | Found Fapp's Antique Armour Emporium.
  1383 | D:1      | Reached XP level 3. HP: 22/33 MP: 3/3
  1760 | D:2      | Found a basalt altar of Yredelemnul.
  1832 | D:2      | Noticed Natasha
  1839 | D:2      | Killed Natasha
  1840 | D:2      | Reached skill level 1 in Dodging
  1840 | D:2      | Reached XP level 4. HP: 38/40 MP: 4/4
  1905 | D:2      | Found a faded altar of an unknown god.
  1970 | D:2      | Noticed Natasha
  1977 | D:2      | Killed Natasha
  1980 | D:2      | Noticed Natasha
  1988 | D:2      | Killed from afar by a shadow imp

Illustrated notes

Levels and vault maps discovered:
D:1:      onia_arrival_mini_maze_b, layout_loops_ring, serial_shops,
          nicolae_shop_overgrown_old_shop, st_stairs_1
D:2:      cheibrodos_old_hovel, layout_rooms, basic_altar,
          shapermc_ecumenical_altar_venn, uniq_natasha

Skill      XL: |  1  2  3 |
---------------+----------+-----
Axes           | 3 4 |  4.3
Fighting       | 4 |  4.2
Dodging        | 1 |  1.2
Armour         | |  3.8
Shields        | |  3.2

Action                   |  1- 3 |  4- 6 || total
-------------------------+-------+-------++-------
Melee: War axe           |   109 |    10 ||   119
  Use: Scroll            |     1 |       ||     1
Armor: Scale mail        |    10 |       ||    10
       Chain mail        |    77 |     7 ||    84
Dodge: Dodged            |    54 |     4 ||    58
